 Dungeon Crawl Stone Soup version 0.25-a0-737-g26c3a87c45 (webtiles) character file.

Game seed: 3719966131194429031, levelgen mode: deterministic

46 Esekla the Slasher (level 3, 0/29 HPs)
             Began as a Barachi Warper on Apr 11, 2020.
             Slain by a kobold
             ... wielding a +0 club
              (2 damage)
             ... on level 2 of the Dungeon.
             The game lasted 00:07:31 (774 turns).

Esekla the Slasher (Barachi Warper)                  Turns: 774, Time: 00:07:32

Health: 0/29       AC:  3    Str: 12    XL:     3   Next: 68%
Magic:  6/6        EV: 12    Int: 13    God:
Gold:   21         SH:  0    Dex: 12    Spells: 4/6 levels left

rFire    . . .     SeeInvis .   a - +0 falchion
rCold    . . .     Gourm    .   (no shield)
rNeg     . . .     Faith    .   b - +0 leather armour
rPois    .         Spirit   .   (no helmet)
rElec    .         Reflect  .   (no cloak)
rCorr    .         Harm     .   (no gloves)
MR       .....                  (no boots)
Stlth    +.........             (no amulet)
HPRegen  0.09/turn              (no ring)
MPRegen  0.10/turn              (no ring)

@: lethally poisoned (0 -> -5), slow
A: +LOS, swims, slowness 1, strong legs 1
a: Hop


You were on level 2 of the Dungeon.
You were not hungry.

You visited 1 branch of the dungeon, and saw 2 of its levels.

You collected 21 gold pieces.

Inventory:

Hand Weapons
 a - a +0 falchion (weapon)
Missiles
 e - 5 boomerangs of dispersal (quivered)
 l - 5 boomerangs
Armour
 b - a +0 leather armour (worn)
Scrolls
 d - a scroll of blinking
 g - a scroll of fear {unknown}
 h - 2 scrolls of remove curse {unknown}
 j - a scroll of enchant armour {unknown}
 k - a scroll of teleportation {unknown}
 m - a scroll of fog {unknown}
Potions
 i - a potion of mutation {unknown}
Comestibles
 f - a ration


   Skills:
 * Level 3.2 Fighting
 * Level 3.4 Long Blades
 + Level 1.0 Throwing
 + Level 1.8 Armour
 + Level 2.5 Dodging
 + Level 2.4 Spellcasting
 + Level 3.2 Translocations


You had 4 spell levels left.
You knew the following spells:

 Your Spells              Type           Power        Failure   Level  Hunger
a - Shroud of Golubria    Chrm/Tloc      #.....       24%         2    ###....

Your spell library contained the following spells:

 Spells                   Type           Power        Failure   Level  Hunger
 Blink                    Tloc           N/A          12%         2    ###....
 Gell's Gravitas          Tloc           ##........   24%         3    ###....
 Lesser Beckoning         Tloc           ##........   24%         3    ###....
 Teleport Other           Tloc           ##......     24%         3    ###....
 Passage of Golubria      Tloc           N/A          63%         4    #####..


Dungeon Overview and Level Annotations

Branches:
Dungeon (2/15)

Altars:


Innate Abilities, Weirdness & Mutations

You can be seen from farther away. (+LOS)
You can swim through water.
You cover ground slowly.
You can hop short distances.


Message History

You feel sick. The adder bites you but does no damage.
You hit the adder.
The adder is heavily wounded.
The adder bites you.
* * * LOW HITPOINT WARNING * * *
Your shroud falls apart!
You hit the adder.
The adder is almost dead.
You feel sick.
You are no longer poisoned.
The adder bites you.
* * * LOW HITPOINT WARNING * * *
You are lethally poisoned!
The adder poisons you! The kobold closely misses you.
The adder bites you but does no damage.
It was a potion of magic.
Magic courses through your body.
* * * LOW HITPOINT WARNING * * *
You feel sick. The adder barely misses you. The kobold hits you with a +0 club.
You die...

........ ........... #
....88≈≈≈≈≈ ..
..#####≈≈≈≈## ... +##
#≈≈≈≈≈# .... #≈≈≈≈≈#
..... #≈≈≈≈## ......
#≈≈≈≈≈#####w......
#####≈r≈≈≈..S@K..w....
.....≈≈≈≈.####......#
#######.≈≈≈≈.# .....#
#.......≈≈†≈.# ..$.#
#.#####≈≈≈≈≈.# ####
#≈≈≈≈≈.# #≈≈≈≈#.#
#≈≈≈≈≈#.# #≈≈≈≈≈#.#


You could see a worm, an adder, a dart slug, a kobold and a rat.

Vanquished Creatures
  2 adders
  An ooze (D:1)
  A ball python (D:1)
  7 bats (D:1)
  3 giant cockroaches (D:1)
  A goblin (D:1)
  2 hobgoblins (D:1)
  2 kobolds (D:1)
  2 frilled lizards (D:1)
  3 rats (D:1)
24 creatures vanquished.

Notes
Turn   | Place    | Note
-------+----------+-------------------------------------------
     0 | D:1      | Esekla the Barachi Warper began the quest for the Orb.
     0 | D:1      | Reached XP level 1. HP: 17/17 MP: 3/3
    88 | D:1      | Reached XP level 2. HP: 17/23 MP: 5/5
   327 | D:1      | Reached XP level 3. HP: 12/29 MP: 6/6
   414 | D:1      | Learned a level 2 spell: Shroud of Golubria
   774 | D:2      | Slain by a kobold

Levels and vault maps discovered:
D:1:      nicolae_arrival_memento_mori, layout_basic, wad_floor_pattern_1
D:2:      wander_river, layout_basic, lemuel_crystal_altar, first_ration

Skill      XL: |  1  2 |
---------------+-------+-----
Fighting       | 3 |  3.2
Long Blades    | 3 |  3.4
Throwing       | |  1.0
Armour         | |  1.8
Dodging        | |  2.5
Spellcasting   | |  2.4
Translocations | |  3.2

Action                   || total
-------------------------++-------
Melee: Falchion          ||    81
 Cast: Shroud of Golubri ||     3
  Use: Potion            ||     1
Armor: Leather armour    ||    41
Dodge: Dodged            ||    94
       Rpst.: Falchion   ||    25

Table legend:
 A = Non-vault XP
 B = Vault XP
 C = Vault XP percentage of total XP
 D = Non-vault monster count
 E = Vault monster count
 F = Vault count percentage of total count
                 A         B        C        D         E       F
            +---------+---------+-------+---------+---------+-------
      Total |      67 |       0 |   0.0 |      24 |       0 |   0.0
            +---------+---------+-------+---------+---------+-------
        D:1 |      54 |       0 |   0.0 |      23 |       0 |   0.0
        D:2 |      13 |       0 |   0.0 |       1 |       0 |   0.0
            +---------+---------+-------+---------+---------+-------
